 Dungeon Crawl Stone Soup version 0.29.1-12-g30fa7ad0bf (webtiles) character file.

Game seed: 11865583446344642213

37 nachturnus the Grave Robber (level 3, -1/21 HPs)
             Began as a Human Necromancer on Dec 31, 2022.
             Succumbed to a goblin's poison
             ... on level 1 of the Dungeon.
             The game lasted 00:06:27 (1998 turns).

nachturnus the Grave Robber (Human Necromancer)     Turns: 1998, Time: 00:06:28

Health: -1/21      AC:  3    Str:  8    XL:     3   Next: 60%
Magic:  6/6        EV: 11    Int: 15    God:
Gold:   43         SH:  0    Dex: 15    Spells: 5/6 levels left

rFire   . . .      SeeInvis .   f - +0 short sword
rCold   . . .      Faith    .   (no shield)
rNeg    . . .      Spirit   .   c - +0 leather armour
rPois   .          Reflect  .   (no helmet)
rElec   .          Harm     .   (no cloak)
rCorr   .          Rampage  .   (no gloves)
Will    +....                   (no boots)
Stlth   ++........              (no amulet)
HPRegen 0.07/turn               (no ring)
MPRegen 0.10/turn               (no ring)

@: brilliant, lethally poisoned (-1 -> -7)
A: frail 1, strong-willed 1, mutation resistance 1
a: no special abilities


You were on level 1 of the Dungeon.
You visited 1 branch of the dungeon, and saw 1 of its levels.

You collected 43 gold pieces.

Inventory:

Hand Weapons
 f - a +0 short sword (weapon)
 h - a +0 club
Armour
 a - a +0 robe
 c - a +0 leather armour (worn)
Scrolls
 e - a scroll of identify {unknown}
 j - a scroll of butterflies {unknown}
 m - a scroll of acquirement {unknown}
 n - a scroll of blinking {unknown}
Potions
 b - a potion of magic
 i - a potion of attraction {unknown}
 k - a potion of flight {unknown}
 l - a potion of degeneration {unknown}


   Skills:
 + Level 1.8 Short Blades
 - Level 2.0 Armour
 - Level 2.0 Dodging
 - Level 2.0 Stealth
 - Level 2.0 Spellcasting
 - Level 4.0 Necromancy


You had 5 spell levels left.
You knew the following spells:

 Your Spells              Type           Power      Damage    Failure   Level
a - Necrotise             Necr           80%        1d8       6%          1

Your spell library contained the following spells:

 Spells                   Type           Power      Damage    Failure   Level
 Vampiric Draining        Necr           20%        2d7       19%         3
 Animate Dead             Necr           20%        N/A       52%         4
 Agony                    Necr           20%        N/A       86%         5


Dungeon Overview and Level Annotations

Branches:
Dungeon (1/15)

Altars:

Shops:
D:1 :


Innate Abilities, Weirdness & Mutations

You are frail. (-10% HP)
You are strong-willed. (Will+)
You are somewhat resistant to further mutation.


Message History

There is a shaft here.
You open the door.
There is an open door here.
There is an escape hatch in the floor here.
There is an open door here.
A goblin comes into view. It is wielding a +1 dagger of venom.
The goblin shouts!
The goblin hits you with a +1 dagger of venom.
You are poisoned.
You barely miss the goblin.
You feel sick. The goblin hits you but does no damage.
You are more poisoned.
You closely miss the goblin.
You feel very sick.
The goblin hits you with a +1 dagger of venom.
You are lethally poisoned!
You closely miss the goblin.
You feel very sick.
The goblin hits you with a +1 dagger of venom.
You hit the goblin but do no damage. You punch the goblin.
The goblin is heavily wounded.
You feel very sick.
The goblin hits you with a +1 dagger of venom.
* * * LOW HITPOINT WARNING * * *
You hit the goblin.
The goblin is severely wounded.
* * * LOW HITPOINT WARNING * * *
You feel very sick. The goblin barely misses you.
You hit the goblin.
You kill the goblin!
* * * LOW HITPOINT WARNING * * *
You feel sick.
It was a potion of mutation.
You feel extremely strange.
You feel strong-willed.
You feel frail.
You feel genetically stable.
* * * LOW HITPOINT WARNING * * *
You feel sick.
It was a potion of brilliance.
You feel clever all of a sudden.
You die...

#################
##...............#
##.#############.#
##.#.....# #.#
##.#.###.#######.#
'........>.....#.#
##)#.##...####.#.#
##)#.##......#.#@#
##.#.##......#.#)#
##.#.##......#.#.#
##.#.........#.#.#
##.#####.......#.#
#........######.#
#######.........#
##.######## #.#


There were no monsters in sight!

Vanquished Creatures
  4 goblins (D:1)
  4 hobgoblins (D:1)
  9 jackals (D:1)
  4 kobolds (D:1)
  2 quokkas (D:1)
  A ball python (D:1)
  A bat (D:1)
  A frilled lizard (D:1)
  A rat (D:1)
27 creatures vanquished.

Vanquished Creatures (collateral kills)
  A giant cockroach (D:1)
  A jackal (D:1)
2 creatures vanquished.

Grand Total: 29 creatures vanquished

Notes
Turn   | Place    | Note
-------+----------+-------------------------------------------
     0 | D:1      | nachturnus the Human Necromancer began the quest for the
                  | Orb.
     0 | D:1      | Reached XP level 1. HP: 13/13 MP: 3/3
   344 | D:1      | Reached skill level 1 in Armour
   592 | D:1      | Reached XP level 2. HP: 19/19 MP: 3/5
  1084 | D:1      | Found Dokiak's Book Shop.
  1155 | D:1      | Reached XP level 3. HP: 18/24 MP: 4/6
  1312 | D:1      | Reached skill level 1 in Short Blades
  1838 | D:1      | Found a faded altar of an unknown god.
  1997 | D:1      | Gained mutation: You are strong-willed. (Will+) [potion of
                  | mutation]
  1997 | D:1      | Gained mutation: You are frail. (-10% HP) [potion of
                  | mutation]
  1997 | D:1      | Gained mutation: You are somewhat resistant to further
                  | mutation. [potion of mutation]
  1997 | D:1      | HP: 1/21 [poisoned by a goblin]
  1998 | D:1      | Succumbed to a goblin's poison

Illustrated notes

Levels and vault maps discovered:
D:1:      psy_arrival_statuary, layout_basic, serial_shops, nicolae_shop_trees,
          ebering_ecumenical_altar_box, minivault_14

Skill      XL: |  1  2  3 |
---------------+----------+-----
Armour         | 1 2 |  2.0
Short Blades   | 1 |  1.8
Dodging        | |  2.0
Stealth        | |  2.0
Spellcasting   | |  2.0
Necromancy     | |  4.0

Action                   || total
-------------------------++-------
Melee: Unarmed           ||    24
       Short sword       ||    88
       Punch             ||     2
 Cast: Necrotise         ||    24
  Use: Potion            ||     4
Armor: Leather armour    ||    38
Dodge: Dodged            ||    74
